 Dungeon Crawl Stone Soup version 0.29.1-15-g9cfb28693d (webtiles) character file.

Game seed: 3622045351429690577

203 leetdood the Stinger (level 5, -2/42 HPs)
             Began as a Naga Venom Mage on Feb 26, 2023.
             Slain by a gnoll
             ... wielding a +0 spear
              (6 damage)
             ... on level 3 of the Dungeon.
             The game lasted 00:24:50 (3570 turns).

leetdood the Stinger (Naga Venom Mage)              Turns: 3570, Time: 00:24:50

Health: -2/42      AC:  3    Str: 10    XL:     5   Next: 81%
Magic:  9/10       EV: 10    Int: 18    God:
Gold:   203        SH:  0    Dex: 11    Spells: 6/10 levels left

rFire   . . .      SeeInvis +   (no weapon)
rCold   . . .      Faith    .   (no shield)
rNeg    . . .      Spirit   .   a - +1 robe
rPois   +          Reflect  .   (no helmet)
rElec   .          Harm     .   (no cloak)
rCorr   .          Rampage  .   (no gloves)
Will    .....                   (no barding)
Stlth   ++........              (no amulet)
HPRegen 0.14/turn               (no ring)
MPRegen 0.12/turn               (no ring)

@: brilliant, very slow
A: AC +1, large, see invisible, deformed body, poison resistance, slowness 2,
spit poison 1, naga tail 1
a: Spit Poison


You were on level 3 of the Dungeon.
You visited 1 branch of the dungeon, and saw 3 of its levels.

You collected 203 gold pieces.

Inventory:

Missiles
 j - 5 poisoned darts
Armour
 a - a +1 robe (worn)
Jewellery
 h - an amulet of faith
Scrolls
 d - 2 scrolls of blinking
 e - 2 scrolls of vulnerability
 i - a scroll of enchant armour
 l - a scroll of teleportation {unknown}
Potions
 f - a potion of mutation
 g - a potion of ambrosia {unknown}


   Skills:
 + Level 0.3 Fighting
 + Level 1.7 Dodging
 + Level 3.4 Stealth
 + Level 3.4 Spellcasting
 + Level 3.2 Transmutations
 + Level 5.4 Poison Magic


You had 6 spell levels left.
You knew the following spells:

 Your Spells              Type           Power      Damage    Failure   Level
a - Sting                 Tmut/Pois      100%       1d8       2%          1
b - Mephitic Cloud        Conj/Pois/Air  14%        N/A       22%         3

Your spell library contained the following spells:

 Spells                   Type           Power      Damage    Failure   Level
 Poisonous Vapours        Pois/Air       38%        N/A       8%          2
 Magic Dart               Conj           16%        1d3       16%         1
 Olgreb's Toxic Radiance  Pois           33%        N/A       17%         4
 Call Imp                 Summ           4%         N/A       24%         2
 Freezing Cloud           Conj/Ice/Air   2%         6-21      99%         5
 Simulacrum               Ice/Necr       2%         N/A       100%        6
 Polar Vortex             Ice            2%         N/A       100%        9


Dungeon Overview and Level Annotations

Branches:
Dungeon (3/15)

Altars:


Innate Abilities, Weirdness & Mutations

Your serpentine skin is tough. (AC +1)
You have supernaturally acute eyesight. (SInv)
Armour fits poorly on your strangely shaped body.
Your system is resistant to poisons. (rPois)
You cover ground very slowly.
You can spit poison.
You have a snake-like lower body.


Message History

Aiming: Sting (safe; 2% risk of failure)
Press: ? - help, Q - select action, (/) - cycle Shift-Dir - straight line, f/p - orc
Aim: an orc, wielding a +0 club and wearing a +0 leather armour (almost dead, very poisoned, 74% to hit)
The sting hits the orc but does no damage.
The orc looks even sicker.
The orc is almost dead.
The orc barely misses you.
The gnoll hits you from afar with a +0 spear.
Aiming: Sting (safe; 2% risk of failure)
Press: ? - help, Q - select action, (/) - cycle Shift-Dir - straight line, f/p - orc
Aim: an orc, wielding a +0 club and wearing a +0 leather armour (almost dead, very poisoned, 74% to hit)
The sting hits the orc.
The orc looks as sick as possible!
You kill the orc!
You have got your breath back.
The gnoll hits you from afar with a +0 spear.
Aiming: Sting (safe; 2% risk of failure)
Press: ? - help, Q - select action, (/) - cycle Shift-Dir - straight line, f - gnoll
Aim: a gnoll, wielding a +0 spear (77% to hit)
The sting misses the gnoll.
The gnoll closely misses you. Magic courses through your body.
The gnoll misses you.
You feel clever all of a sudden.
The gnoll hits you from afar with a +0 spear!
* * * LOW HITPOINT WARNING * * *
Aiming: Sting (safe; 2% risk of failure)
Press: ? - help, Q - select action, (/) - cycle Shift-Dir - straight line, f/p - gnoll
Aim: a gnoll, wielding a +0 spear (81% to hit)
You feel a surge of power!
The sting hits the gnoll!
The gnoll is poisoned.
The gnoll is heavily wounded.
The gnoll hits you from afar with a +0 spear.
* * * LOW HITPOINT WARNING * * *
Aiming: Sting (safe; 2% risk of failure)
Press: ? - help, Q - select action, (/) - cycle Shift-Dir - straight line, f/p - gnoll
Aim: a gnoll, wielding a +0 spear (heavily wounded, poisoned, 81% to hit)
You feel a surge of power!
The sting hits the gnoll but does no damage.
The gnoll looks even sicker.
The gnoll is heavily wounded.
The gnoll hits you from afar with a +0 spear.
You die...

########################
..P.....................
..........P...........††
~~~~~~≈≈≈≈≈~~~~~~~≈~~~~~
~≈≈≈≈≈≈≈≈≈≈≈~≈≈≈≈≈≈~~≈≈≈
≈≈#####~~)~≈~~~~~~~~~≈~~
~ #.g #.................
#. #@################ #
#()..+ #.g..# #!...#
###+## ...# .. # ###


You could see a gnoll (very poisoned).

Vanquished Creatures
  3 hounds (D:3)
  3 adders
  An ufetubus (D:3)
  2 worms
  4 orcs (D:3)
  5 ball pythons
  10 endoplasms
  2 giant cockroaches
  6 goblins
  6 hobgoblins
  9 jackals (D:3)
  A quokka (D:2)
  A bat (D:1)
  3 frilled lizards (D:3)
  7 kobolds
  3 rats
66 creatures vanquished.

Vanquished Creatures (others)
  2 plants (D:3)
2 creatures vanquished.

Grand Total: 68 creatures vanquished

Notes
Turn   | Place    | Note
-------+----------+-------------------------------------------
     0 | D:1      | leetdood the Naga Venom Mage began the quest for the Orb.
     0 | D:1      | Reached XP level 1. HP: 15/15 MP: 3/3
   309 | D:1      | Reached XP level 2. HP: 22/22 MP: 1/5
  1511 | D:2      | Reached XP level 3. HP: 28/28 MP: 4/6
  1534 | D:2      | Learned a level 3 spell: Mephitic Cloud
  2092 | D:2      | Found a faded altar of an unknown god.
  2428 | D:3      | Reached XP level 4. HP: 34/36 MP: 2/8
  3005 | D:3      | Reached skill level 5 in Poison Magic
  3280 | D:3      | Reached XP level 5. HP: 42/42 MP: 3/9
  3570 | D:3      | Slain by a gnoll

Illustrated notes

Levels and vault maps discovered:
D:1:      erik_arrival_triangle_small, layout_basic, dreamdust_wishing_well,
          hex_medium
D:2:      layout_loops_ring, basic_ecumenical_altar,
          minmay_misc_feat_nine_boxes, chequers_mini_garden
D:3:      lemuel_castle_with_subvaults [lemuel_castle_interior_carwin_1],
          layout_rooms

Skill      XL: |  1  2  3  4  5 |
---------------+----------------+-----
Spellcasting   | 3 |  3.4
Transmutations | 2 3 |  3.2
Poison Magic   | 5 |  5.4
Fighting       | |  0.3
Dodging        | |  1.7
Stealth        | |  3.4

Action                   |  1- 3 |  4- 6 || total
-------------------------+-------+-------++-------
Melee: Unarmed           |       |     3 ||     3
 Cast: Sting             |    74 |    78 ||   152
 Abil: Spit Poison       |     2 |    16 ||    18
  Use: Potion            |     2 |     2 ||     4
       Scroll            |     4 |     1 ||     5
Armor: Robe              |     4 |    14 ||    18
Dodge: Dodged            |    14 |    45 ||    59
